 Dungeon Crawl Stone Soup version 0.21-a0-142-gdd972a7 (webtiles) character file.

2 drasked the Caller (level 1, 0/13 HPs)
             Began as a Mummy Summoner on July 22, 2017.
             Slain by a kobold
             ... wielding a +0 short sword
              (4 damage)
             ... on level 1 of the Dungeon.
             The game lasted 00:01:27 (184 turns).

drasked the Caller (Mummy Summoner)                  Turns: 184, Time: 00:01:28

Health: 0/13       AC:  2    Str: 11    XL:     1   Next: 33%
Magic:  1/4        EV: 12    Int: 14    God:
Gold:   0          SH:  0    Dex: 12    Spells: 4/5 levels left

rFire    x . .     SeeInvis .   d - +0 dagger
rCold    + . .     Gourm    .   (no shield)
rNeg     + + +     Faith    .   a - +0 robe
rPois    ∞         Spirit   .   (no helmet)
rElec    .         Reflect  .   (no cloak)
rCorr    .         Harm     .   (no gloves)
MR       .....                  (no boots)
Stlth    ++........             (no amulet)
HPRegen  0.04/turn              (no ring)
MPRegen  0.09/turn              (no ring)

@: no status effects
A: no food or potions, fire vulnerability, cold resistance 1, negative energy
resistance 3, torment resistance, unbreathing
a: no special abilities


You were on level 1 of the Dungeon.
You were not hungry.

You visited 1 branch of the dungeon, and saw 1 of its levels.

Inventory:

Hand Weapons
 d - a +0 dagger (weapon)
   (You found it on level 1 of the Dungeon)
Armour
 a - a +0 robe (worn)
Jewellery
 c - a +5 ring of strength {unknown}
   (You found it on level 1 of the Dungeon)
Books
 b - a book of Callings


   Skills:
 - Level 1.5 Dodging
 - Level 1.5 Stealth
 - Level 2.6 Spellcasting
 + Level 3.4 Summonings


You had 4 spell levels left.
You knew the following spells:

 Your Spells              Type           Power        Failure   Level  Hunger
a - Summon Small Mammal   Summ           ##..         5%          1    N/A

Dungeon Overview and Level Annotations

Branches:
Dungeon (1/15)

Altars:


Innate Abilities, Weirdness & Mutations

You do not eat or drink.
Your flesh is vulnerable to fire.
You are immune to poison.
Your flesh is cold resistant. (rC+)
You are immune to negative energy. (rN+++)
You are immune to unholy pain and torment.
You can survive without breathing.


Message History

The jackal bites your rat.
Your bat barely misses the jackal.
The jackal bites your rat.
Your rat dies!
Your rat's corpse disappears in a puff of smoke!
Your bat hits the jackal but does no damage.
Your bat hits the jackal. The jackal bites your bat.
The jackal closely misses you.
You open the door.
A bat comes into view.
The jackal bites you.
You take 1 damage, and have 10/13 hp.
You close the door.
The jackal misses you.
The jackal bites you but does no damage.
You open the door. The jackal bites you. The jackal misses you.
You take 1 damage, and have 9/13 hp.
There is an open door here.
The jackal barks!
The jackal closely misses you. The jackal bites you.
Your bat misses the jackal. The jackal misses you.
The jackal bites you but does no damage.
You take 1 damage, and have 8/13 hp.
Your bat hits the jackal but does no damage.
The jackal bites you.
Your bat hits the jackal. Your bat hits the jackal.
The jackal barely misses you. x2
You take 3 damage, and have 5/13 hp.
MASSIVE DAMAGE!!
You now have 2/4 mp.
You swap places.
Your bat hits the jackal. The jackal bites your rat.
Your rat dies!
Your rat's corpse disappears in a puff of smoke!
You hit the jackal but do no damage.
The jackal bites you but does no damage.
You hit the jackal.
The jackal bites you but does no damage.
You hit the jackal.
You kill the jackal!
The jackal barks!
A kobold comes into view. It is wielding a short sword.
The kobold shouts!
You now have 1/4 mp.
Your bat hits the jackal. The jackal misses your bat.
Your bat barely misses the jackal.
The jackal closely misses your bat.
Your bat hits the jackal. The jackal barely misses your bat.
The jackal barely misses your bat.
Your bat barely misses the jackal.
The jackal misses your bat.
Your bat closely misses the jackal.
You swap places.
Your bat hits the bush but does no damage. x3
The kobold throws a stone.
The stone closely misses your bat. The stone hits you but does no damage.
Something bites your bat.
Your bat hits the bush but does no damage.
There is an open door here.
You see here a stone.
Your bat hits the bush but does no damage. x4
Something bites your bat.
Your bat hits the bush but does no damage.
The kobold throws a stone.
The stone hits your bat but does no damage.
Your bat hits the bush but does no damage.
Something barely misses your bat.
Your bat hits the bush but does no damage.
The kobold throws a stone.
The stone barely misses your bat. The stone closely misses your bat.
The stone closely misses you. Something misses your bat.
Your bat hits the bush but does no damage.
Something barely misses your bat.
Something bites your bat but does no damage.
Your bat closely misses the jackal.
Your bat misses the jackal. The jackal completely misses your bat.
Your bat misses the jackal.
You swap places.
Your bat closely misses the jackal.
The jackal bites your bat.
Your bat barely misses the jackal.
The jackal closely misses your bat.
Your bat closely misses the jackal.
The jackal bites your bat.
Your bat closely misses the jackal.
Your bat hits the jackal but does no damage.
The jackal bites your bat.
Your bat dies!
Your bat's corpse disappears in a puff of smoke!
The jackal misses your bat.
Your bat hits the jackal.
The jackal dies!
The kobold throws a stone.
The stone barely misses you.
The kobold hits your bat with a short sword.
Your bat dies!
Your bat's corpse disappears in a puff of smoke!
You now have 1/4 mp.
There is an open door here.
You see here a stone.
The kobold hits your rat with a short sword.
Your rat closely misses the kobold.
Something hits your rat but does no damage.
Your rat barely misses the kobold.
The kobold hits your rat with a short sword.
Your rat dies!
Your rat's corpse disappears in a puff of smoke!
Your bat barely misses the kobold.
The kobold hits you with a short sword.
You take 2 damage, and have 4/13 hp.
You are too injured to fight recklessly!
You hit the kobold.
Your bat barely misses the kobold.
The kobold hits you with a short sword.
You die...

P.......# .PKP.....# .
P.K...# P.PPPPP.P(....# .
.P...P.P.....## ..
P.PPP.P.P.P......# ...
P...P.P...Ph##...# ....
P.PPP.PPPPP(##Kb.##.....
g.P.........P.†@...+b.....
##PPPPPPP.PPP.##.(.### #
.................(...#.#
..#...[.####..##.##.#.#
#.##'## ##.........# ..
##.## ###.....#.### #
#8.8# #.......#b..# ##.##
#.......###b# ##.##
#........h$.#


You could see a kobold and a friendly bat.

Vanquished Creatures
  A jackal (D:1)
  A bat (D:1)
2 creatures vanquished.

Vanquished Creatures (collateral kills)
  A jackal (D:1)
1 creature vanquished.

Grand Total: 3 creatures vanquished

Notes
Turn   | Place    | Note
-------+----------+-------------------------------------------
     0 | D:1      | drasked the Mummy Summoner began the quest for the Orb.
     0 | D:1      | Reached XP level 1. HP: 13/13 MP: 4/4
   184 | D:1      | Slain by a kobold

Vault maps used:
D:1:      shiori_arrival_maze, dk_noncrumbling_2, minmay_hedge_maze

Action                   || total
-------------------------++-------
Melee: Dagger            ||     5
 Cast: Summon Small Mamm ||     8
 Stab: Sleeping          ||     1
Armor: Robe              ||     5
Dodge: Dodged            ||    11

Vault maps used:
D:1:      shiori_arrival_maze, dk_noncrumbling_2, minmay_hedge_maze

Table legend:
 A = Turns spent in this place as a percentage of turns spent in the entire game.
 B = Non-inter-level travel turns spent in this place as a percentage of non-inter-level travel turns spent in the entire game.
 C = Inter-level travel turns spent in this place as a percentage of turns spent in this place.
 D = Turns resting spent in this place as a percentage of non-inter-level travel turns spent in this place.
 E = Turns spent auto-exploring this place as a percentage of non-inter-level travel turns spent in this place.
 F = Non-inter-level travel turns spent in this place divided by the number of levels of this place that you've seen.
                   A       B       C       D       E      F
               +-------+-------+-------+-------+-------+----------------------
         Total | 100.0 | 100.0 |   0.0 |   0.0 |   3.9 | 129.0
       Dungeon | 100.0 | 100.0 |   0.0 |   0.0 |   3.9 | 129.0
               +-------+-------+-------+-------+-------+----------------------

Table legend:
 A = Kills in this place as a percentage of kills in entire the game.
 B = Kills by you in this place as a percentage of kills by you in the entire game.
 C = Kills by friends in this place as a percentage of kills by friends in the entire game.
 D = Other kills in this place as a percentage of other kills in the entire game.
 E = Experience gained in this place as a percentage of experience gained in the entire game.
 F = Experience gained in this place divided by the number of levels of this place that you have seen.
                   A       B       C       D       E      F
               +-------+-------+-------+-------+-------+----------------------
         Total | 100.0 | 100.0 | 100.0 |  -nan | 100.0 |   4.0
       Dungeon | 100.0 | 100.0 | 100.0 |  -nan | 100.0 |   4.0
               +-------+-------+-------+-------+-------+----------------------
